 Dungeon Crawl Stone Soup version 0.26.1-12-g5ba1501909 (webtiles) character file.

Game seed: 3083382155025922744

2303 Zeld the Covert (level 9, -1/59 HPs)
             Began as an Octopode Brigand on Oct 23, 2021.
             Was a Priest of Fedhas.
             Slain by a gnoll
             ... wielding a +0 halberd
              (18 damage)
             ... in a bailey.
             The game lasted 00:12:47 (11298 turns).

Zeld the Covert (Octopode Brigand)                 Turns: 11298, Time: 00:12:47

Health: -1/59      AC:  1    Str: 10    XL:     9   Next: 40%
Magic:  9/9        EV: 15    Int: 13    God:    Fedhas [***...]
Gold:   275        SH:  0    Dex: 17    Spells: 8/8 levels left

rFire    . . .     SeeInvis .   a - +2 dagger (venom)
rCold    . . .     Faith    .   (no shield)
rNeg     . . .     Spirit   .   (helmet restricted)
rPois    +         Reflect  .   (no amulet)
rElec    .         Harm     .   (no ring)
rCorr    .         Rampage  .   z - ring of poison resistance
Will     .....                  (no ring)
Stlth    ++++++....             (no ring)
HPRegen  0.19/turn              (no ring)
MPRegen  0.11/turn              (no ring)
                                (no ring)
                                (no ring)

@: no status effects
A: almost no armour, stealthy swim, amphibious, 8 rings, constrict 8, camouflage
1, gelatinous body 1
a: Renounce Religion, Wall of Briars, Grow Ballistomycete


You were in a bailey.
You worshipped Fedhas.
Fedhas was most pleased with you.
You visited 2 branches of the dungeon, and saw 8 of its levels.
You also visited: Bailey.

You collected 275 gold pieces.

Inventory:

Hand Weapons
 a - a +2 dagger of venom (weapon)
Missiles
 b - 37 poisoned darts (quivered)
 c - 2 curare-tipped darts
 n - 7 atropa-tipped darts
Jewellery
 z - a ring of poison resistance (right tentacle)
Wands
 y - a wand of iceblast (8)
Scrolls
 d - a scroll of enchant weapon {unknown}
 e - 3 scrolls of fog {unknown}
 f - 6 scrolls of remove curse
 g - a scroll of noise {unknown}
 h - a scroll of teleportation {unknown}
 i - 3 scrolls of enchant armour {unknown}
 j - 2 scrolls of amnesia {unknown}
 l - 5 scrolls of identify {unknown}
 o - 2 scrolls of blinking {unknown}
 q - 2 scrolls of fear {unknown}
 r - a scroll of immolation {unknown}
Potions
 k - 3 potions of heal wounds {unknown}
 m - 3 potions of magic {unknown}
 p - 2 potions of curing {unknown}
 s - a potion of ambrosia {unknown}
 t - 3 potions of mutation {unknown}
 v - a potion of brilliance {unknown}
 w - a potion of haste {unknown}
 x - a potion of attraction {unknown}


   Skills:
 + Level 4.7 Fighting
 * Level 6.6 Short Blades
 - Level 6.0 Throwing
 + Level 4.3 Dodging
 * Level 10.4 Stealth


You had 8 spell levels left.
You didn't know any spells.
Your spell library was empty.

Dungeon Overview and Level Annotations

Branches:
Dungeon (7/15)             Temple (1/1) D:4          Bailey (1/1)

Altars:
Ashenzari
Cheibriados
Dithmenos
Elyvilon
Fedhas
Gozag
Hepliaklqana
Kikubaaqudgha
Makhleb
Nemelex Xobeh
Okawaru
Qazlal
Ru
Sif Muna
Trog
Uskayaw
Vehumet
Wu Jian
Xom
Yredelemnul
Zin
The Shining One

Shops:
D:4 (

Annotations:
D:3 2 runed translucent doors, Hypnoxylon's ghost, weakling DsMo
D:6 Menkaure


Innate Abilities, Weirdness & Mutations

You cannot wear most types of armour.
You are very stealthy in the water. (Stealth+)
You are amphibious.
You can wear up to eight rings at the same time.
You can use your tentacles to constrict eight enemies at once.
Your skin changes colour to match your surroundings (Stealth+).
Your rubbery body absorbs attacks. (AC +1, EV +1)


Message History

The gnoll hits you from afar with a +0 halberd!
The kobold misses you.
Unknown command.
You barely miss the gnoll. You squeeze the gnoll!
The gnoll is severely wounded.
You constrict the gnoll. The gnoll closely misses you.
The gnoll hits you from afar with a +2 halberd of electrocution!
You hit the gnoll.
You kill the gnoll!
Fedhas accepts your kill. The kobold closely misses you. The gnoll misses you.
You barely miss the kobold. Your grab misses the kobold.
You squeeze the kobold.
You kill the kobold!
Fedhas accepts your kill.
The gnoll hits you from afar with a +2 halberd of electrocution!
* * * LOW HITPOINT WARNING * * *
The gnoll hits you from afar with a +0 halberd!!
You die...
Fedhas appreciates your contribution to the ecosystem. ## ## # .# #.' '##'##'# #.....# ###.....### .. #.')(g..'.# g⌠K #.(...# gg. ##@(g..# #gg

##'##'##'# #K# #.##
.# #g#g# #'# ###
##### ### ##
#.###.###.#)###.###.
##'##'##'###'##'##'#
##.....## ##.....##
###.....#####.....##
#.'..⌠.)'.#.'.(∩..'.


You could see 2 gnolls.

Vanquished Creatures
  A two-headed ogre (D:6)
  Grinder (D:6)
  Duvessa (D:5)
  A sky beast (D:5)
  3 ogres
  Dowan (D:5)
  A wight (D:6)
  3 howler monkeys
  A bullfrog zombie (D:6)
  2 hounds
  A quasit (D:6)
  An iguana (D:5)
  6 orc wizards
  5 worker ants
  3 adders
  13 gnolls
  A howler monkey skeleton (D:5)
  A river rat (D:4)
  2 shadow imps (D:5)
  A white imp (D:6)
  3 adder skeletons
  6 worms
  A dart slug (D:1)
  8 leopard geckos
  22 orcs
  8 giant cockroaches
  6 goblins
  10 hobgoblins
  18 jackals
  13 kobolds
  5 quokkas
  2 ball pythons
  7 bats
  2 frilled lizards
  3 leopard gecko skeletons
  10 rats
173 creatures vanquished.

Notes
Turn   | Place    | Note
-------+----------+-------------------------------------------
     0 | D:1      | Zeld the Octopode Brigand began the quest for the Orb.
     0 | D:1      | Reached XP level 1. HP: 14/14 MP: 1/1
   164 | D:1      | Reached XP level 2. HP: 16/19 MP: 2/2
   591 | D:1      | Reached XP level 3. HP: 24/24 MP: 3/3
  1143 | D:2      | You fall into a shaft and drop 1 floor!
  1456 | D:3      | Reached skill level 6 in Stealth
  1460 | D:3      | Found a large runed translucent door.
  1461 | D:3      | Found a large runed translucent door.
  1463 | D:3      | Noticed Hypnoxylon's ghost (weakling DsMo)
  1652 | D:3      | Reached XP level 4. HP: 30/30 MP: 4/4
  2008 | D:2      | Found a blossoming altar of Fedhas.
  2018 | D:2      | Became a worshipper of Fedhas Madash
  2442 | D:3      | Reached XP level 5. HP: 14/35 MP: 5/5
  3457 | D:4      | Found a staircase to the Ecumenical Temple.
  3644 | D:4      | Noticed a phantom
  3675 | D:4      | Found Dirch's Weapon Shop.
  4182 | D:4      | Reached XP level 6. HP: 35/41 MP: 6/6
  4212 | D:4      | Reached * piety under Fedhas
  4218 | D:4      | Reached skill level 7 in Stealth
  4306 | D:4      | Found a shimmering altar of Xom.
  4449 | Temple   | Entered the Ecumenical Temple
  5660 | D:5      | Entered Level 5 of the Dungeon
  5903 | D:4      | Reached XP level 7. HP: 8/46 MP: 7/7
  6895 | D:5      | Noticed Dowan
  7278 | D:5      | Noticed Duvessa
  7650 | D:5      | Killed Dowan
  7884 | D:5      | Killed Duvessa
  8181 | D:5      | Reached skill level 8 in Stealth
  8220 | D:5      | Reached ** piety under Fedhas
  8606 | D:5      | Reached XP level 8. HP: 54/54 MP: 8/8
  8870 | D:6      | Noticed Grinder
  8881 | D:6      | Paralysed by Grinder for 4 turns
  8893 | D:6      | Paralysed by Grinder for 4 turns
  8894 | D:6      | Killed Grinder
  8895 | D:6      | Reached skill level 5 in Short Blades
  8895 | D:6      | Reached skill level 5 in Throwing
  9361 | D:6      | Reached skill level 9 in Stealth
  9624 | D:6      | Noticed a two-headed ogre
  9647 | D:6      | Killed a two-headed ogre
  9648 | D:6      | Reached XP level 9. HP: 44/59 MP: 9/9
  9904 | D:6      | Reached skill level 10 in Stealth
 10451 | D:6      | Noticed Menkaure
 11021 | D:7      | Found a flagged portal.
 11117 | Bailey   | Entered a bailey
 11182 | Bailey   | Reached *** piety under Fedhas
 11270 | Bailey   | Noticed an orc knight
 11298 | Bailey   | Slain by a gnoll

Illustrated notes

Levels and vault maps discovered:
D:1:      nzn_arrival_settlement, layout_basic, kennysheep_crisscross
D:2:      layout_basic, fedhas_altar_2
D:3:      layout_loops_ring, ebering_ghost_disaster_area
D:4:      layout_loops_corners, general_overflow_altar,
          minmay_temple_entry_waves, serial_shops,
          nicolae_shop_competitors_out_of_business, gup_sewer_entry_spiral
D:5:      layout_loops_ring, uniq_duvessa
D:6:      minmay_opposing_rooms, layout_basic, due_unseen_surprise,
          uniq_menkaure, uniq_grinder
D:7:      layout_gridville, lightli_bailey_entry_fortress, minivault_11,
          uniq_pikel, uniq_prince_ribbit1, uniq_crazy_yiuf_cottage
Temple:   nicolae_temple_the_god_donut
Bailey:   bailey_axe_2, bailey

Skill      XL: |  1  2  3  4  5  6  7  8  9 |
---------------+----------------------------+-----
Stealth        | 6 7 8 9 10 | 10.4
Short Blades   | 3 4 6 |  6.6
Throwing       | 3 4 6 |  6.0
Dodging        | 2 3 4 |  4.3
Fighting       | 3 4 |  4.7

Action                   |  1- 3 |  4- 6 |  7- 9 || total
-------------------------+-------+-------+-------++-------
Melee: Dagger            |    64 |   113 |   208 ||   385
       Constrict         |    18 |    25 |    55 ||    98
       Tentacles         |     7 |    23 |    40 ||    70
Throw: Dart              |     7 |     1 |    16 ||    24
       Throwing net      |       |       |     1 ||     1
  Use: Scroll            |       |       |     2 ||     2
 Stab: Sleeping          |    20 |    21 |    23 ||    64
       Distracted        |       |     1 |       ||     1
Armor: Skin              |     6 |     3 |     9 ||    18
Dodge: Dodged            |    28 |    61 |   147 ||   236
